 Dungeon Crawl Stone Soup version 0.29.1-1-gd02db6906a (webtiles) character file.

Game seed: 3448494351856481860

3345 christhawk the Magician (level 9, 0/68 HPs)
             Began as a Demonspawn Monk on Sept 27, 2022.
             Was a High Priest of Okawaru.
             Slain by Dowan
             ... wielding a +0 dagger of holy wrath
              (2 damage)
             ... on level 7 of the Dungeon.
             The game lasted 00:26:06 (7049 turns).

christhawk the Magician (Demonspawn Monk)           Turns: 7049, Time: 00:26:07

Health: 0/68       AC: 12    Str: 13    XL:     9   Next: 72%
Magic:  14/15      EV: 15    Int: 11    God:    Okawaru [*****.]
Gold:   502        SH:  0    Dex: 23    Spells: 14/18 levels left

rFire   + . .      SeeInvis +   a - +0 long sword (vorpal)
rCold   + . .      Faith    .   (no shield)
rNeg    . . .      Spirit   .   t - +2 steam dragon scales
rPois   +          Reflect  .   (helmet restricted)
rElec   +          Harm     .   u - +0 cloak
rCorr   +          Rampage  .   (no gloves)
Will    .....                   g - +2 pair of boots "Agrentot" {Regen+ rCorr}
Stlth   +++.......              q - amulet of magic regeneration
HPRegen 1.01/turn               d - ring of see invisible
MPRegen 0.54/turn               l - +6 ring of dexterity

@: about to teleport, resistant
A: antennae 1, claws 1, demonic magic 3, weakness stinger 1, clumsy 1, low MP 1
a: Renounce Religion, Heroism, Finesse, Duel


You were on level 7 of the Dungeon.
You worshipped Okawaru.
Okawaru was extremely pleased with you.
You visited 1 branch of the dungeon, and saw 7 of its levels.
You also visited: Sewer.

You collected 502 gold pieces.

Inventory:

Hand Weapons
 a - a +0 vorpal long sword (weapon)
 b - a +0 shortbow
 c - a +1 vampiric rapier
Missiles
 x - an atropa-tipped dart
Armour
 g - the +2 pair of boots "Agrentot" (worn) {Regen+ rCorr}
   (You acquired it on level 2 of the Dungeon)

   Regen:     It increases your rate of health regeneration.
   rCorr:     It protects you from acid and corrosion.
 t - +2 steam dragon scales (worn)
 u - a +0 cloak (worn)
Jewellery
 d - a ring of see invisible (left claw)
 i - a ring of resist corrosion
 l - a +6 ring of dexterity (right claw)
 q - an amulet of magic regeneration (around neck)
Wands
 p - a wand of digging (13)
 s - a wand of paralysis (7)
 v - a wand of iceblast (6)
 w - a wand of polymorph (7)
Scrolls
 m - 6 scrolls of identify
 n - a scroll of teleportation
 o - a scroll of blinking
 r - 2 scrolls of magic mapping
Potions
 e - 3 potions of resistance
 f - a potion of invisibility
 h - 4 potions of curing
 j - a potion of flight
 k - 3 potions of haste
 y - a potion of ambrosia


   Skills:
 + Level 5.0 Fighting
 + Level 5.0 Short Blades
 + Level 0.4(3.1) Long Blades
 + Level 2.8 Axes
 + Level 4.3 Ranged Weapons
 * Level 4.9 Armour
 + Level 4.7 Dodging
 + Level 3.8 Stealth
 * Level 5.1 Spellcasting
 + Level 0.9 Necromancy
 + Level 2.3 Transmutations
 + Level 2.4 Poison Magic
 + Level 1.6 Invocations


You had 14 spell levels left.
You knew the following spells:

 Your Spells              Type           Power      Damage    Failure   Level
a - Sting                 Tmut/Pois      32%        1d4       8%          1
b - Poisonous Vapours     Pois/Air       10%        N/A       19%         2
c - Necrotise             Necr           16%        1d4       14%         1

Your spell library contained the following spells:

 Spells                   Type           Power      Damage    Failure   Level
 Sublimation of Blood     Necr           4%         N/A       22%         2
 Vampiric Draining        Necr           4%         2d6       41%         3
 Portal Projectile        Hex/Tloc       4%         N/A       54%         3
 Olgreb's Toxic Radiance  Pois           8%         N/A       58%         4
 Petrify                  Tmut/Erth      5%         N/A       78%         4
 Leda's Liquefaction      Hex/Erth       1%         N/A       91%         4
 Irradiate                Conj/Tmut      2%         3d12      98%         5
 Agony                    Necr           4%         N/A       99%         5
 Call Canine Familiar     Summ           Unusable   N/A       N/A         3

Dungeon Overview and Level Annotations

Branches:
Dungeon (7/15)             Temple (0/1) D:4           Sewer (visited)

Altars:
Hepliaklqana
Makhleb
Okawaru
Qazlal
Ru
Sif Muna
Trog
Wu Jian

Shops:
D:4 (

Annotations:
D:6 1 transporter, Fractals's ghost, weakling GnGl
D:7 Dowan


Innate Abilities, Weirdness & Mutations

You have a pair of small antennae on your head.
You have sharp fingernails.
Spells you cast and wands you use may paralyse nearby enemies.
You have a small tail.
You are clumsy. (Dex -2)
Your magical capacity is low. (-10% MP)


Message History

Duvessa suddenly stops moving!
Dowan smirks and points a slender finger.
Dowan points at you and mumbles some strange words.
The puff of flame misses you.
The helpless Duvessa fails to defend herself.
You slash Duvessa!
You kill Duvessa!
Okawaru accepts your kill.
Dowan's eyes darken. "You have made a black mistake."
Dowan seems to find hidden reserves of power!
Your Short Blades skill increases to level 5!
Casting: Sting (safe; 8% risk of failure)
Confirm with . or Enter, or press ? or * to list all spells.
Aiming: Sting (safe; 8% risk of failure)
Press: ? - help, Shift-Dir - straight line, f - Dowan
Aim: Dowan, wielding a +0 dagger of holy wrath and wearing a +0 robe (fast, 56% to hit)
The sting misses Dowan.
Malevolent energies surge around you.
Dowan hits you with a +0 dagger of holy wrath.
You convulse.
Casting: Sting (safe; 8% risk of failure)
Confirm with . or Enter, or press ? or * to list all spells.
Aiming: Sting (safe; 8% risk of failure)
Press: ? - help, Shift-Dir - straight line, f/p - Dowan
Aim: Dowan, wielding a +0 dagger of holy wrath and wearing a +0 robe (fast, 56% to hit)
The sting hits Dowan.
Dowan is poisoned.
Dowan is lightly wounded.
Malevolent energies surge around you. Dowan gestures at you while chanting.
The shard of ice hits you!!
* * * LOW HITPOINT WARNING * * *
Dowan barely misses you.
You feel protected.
Dowan shakes with grief.
Dowan gestures at you while chanting. The shard of ice hits you!
You partially resist.
* * * LOW HITPOINT WARNING * * *
As you read the scroll of teleportation, it crumbles to dust.
You feel strangely unstable. Dowan barely misses you.
Dowan hits you with a +0 dagger of holy wrath.
You die...

.# #.#.#
................ ....#
.......................
...................... .
.................#...
... #........#...#......
.)..#........#..##......
#....e)....#...#......
#)@.....#..........
###................
########.........
................
..#...#.........
................
..#.(.#.........
.......#........
########.........


You could see Dowan (fast, poisoned).

Vanquished Creatures
  Pikel (D:7)
  Maggie (D:6)
  Eustachio (D:4)
  Duvessa (D:7)
  A water moccasin (D:6)
  An orc warrior (D:7)
  3 ice beasts
  Pargi (Sewer)
  A sky beast (D:6)
  2 black bears
  2 ogres (D:6)
  2 centaurs (D:6)
  A lemure (D:7)
  A bullfrog (D:6)
  2 necrophages
  5 scorpions
  A howler monkey (D:6)
  Crazy Yiuf (D:6)
  3 hounds
  2 orc priests (D:4)
  2 jellies
  A gnoll bouda (D:7)
  2 iguanas
  An orc wizard (D:7)
  Natasha (twice) (D:4)
  11 gnolls
  10 adders
  2 white imps (D:5)
  5 worms
  2 dart slugs (D:2)
  10 orcs
  12 ball pythons
  10 endoplasms
  6 giant cockroaches
  8 goblins
  5 hobgoblins
  2 jackals (D:3)
  4 quokkas
  5 bats
  7 frilled lizards
  6 kobolds
  6 rats
152 creatures vanquished.

Notes
Turn   | Place    | Note
-------+----------+-------------------------------------------
     0 | D:1      | christhawk the Demonspawn Monk began the quest for the Orb.
     0 | D:1      | Reached XP level 1. HP: 18/18 MP: 1/1
   391 | D:1      | Discovered your monstrous ancestry.
   391 | D:1      | Gained mutation: You have a small tail. [demonic ancestry]
   391 | D:1      | Reached XP level 2. HP: 23/24 MP: 2/2
   892 | D:1      | Found a faded altar of an unknown god.
   895 | D:1      | Prayed at the altar of an unknown god.
   895 | D:1      | Became a worshipper of Warmaster Okawaru
   895 | D:1      | Reached * piety under Okawaru
   895 | D:1      | Reached ** piety under Okawaru
  1025 | D:2      | Reached skill level 1 in Ranged Weapons
  1033 | D:2      | Reached skill level 1 in Spellcasting
  1033 | D:2      | Reached XP level 3. HP: 16/29 MP: 4/4
  1046 | D:2      | Reached *** piety under Okawaru
  1561 | D:2      | Identified a scroll of acquirement
  1561 | D:2      | Acquired the +2 pair of boots "Agrentot" {Regen+ rCorr}
  1573 | D:2      | Learned a level 1 spell: Sting
  1576 | D:2      | Learned a level 2 spell: Poisonous Vapours
  1994 | D:2      | Acquired a +1 vampiric rapier
  2090 | D:3      | Gained mutation: You have a pair of small antennae on your
                  | head. [demonic ancestry]
  2090 | D:3      | Reached XP level 4. HP: 35/35 MP: 5/5
  2327 | D:3      | Found a glowing drain.
  2345 | Sewer    | Entered a sewer
  2422 | Sewer    | Reached skill level 1 in Short Blades
  2440 | Sewer    | Noticed Pargi
  2478 | Sewer    | Killed Pargi
  2479 | Sewer    | Gained mutation: Spells you cast may paralyse adjacent
                  | enemies. [demonic ancestry]
  2479 | Sewer    | Reached XP level 5. HP: 37/41 MP: 3/7
  3181 | D:4      | Reached XP level 6. HP: 48/48 MP: 5/9
  3221 | D:4      | Noticed Eustachio
  3268 | D:4      | Killed Eustachio
  3269 | D:4      | Reached skill level 1 in Transmutations
  3331 | D:4      | Found a staircase to the Ecumenical Temple.
  3565 | D:4      | Reached **** piety under Okawaru
  3566 | D:4      | Reached skill level 1 in Armour
  3566 | D:4      | Reached skill level 1 in Poison Magic
  3566 | D:4      | Gained mutation: Spells you cast may paralyse nearby
                  | enemies. [demonic ancestry]
  3566 | D:4      | Reached XP level 7. HP: 53/53 MP: 10/10
  3588 | D:4      | Learned a level 1 spell: Necrotise
  3603 | D:4      | Found Moavum's Weapon Emporium.
  4143 | D:4      | Noticed Natasha
  4157 | D:4      | Killed Natasha
  4177 | D:4      | Noticed Natasha
  4187 | D:4      | Killed Natasha
  4743 | D:5      | Entered Level 5 of the Dungeon
  4780 | D:5      | Found a sacrificial altar of Ru.
  4872 | D:5      | Gained mutation: You are clumsy. (Dex -2) [potion of
                  | mutation]
  4872 | D:5      | Gained mutation: Your magical capacity is low. (-10% MP)
                  | [potion of mutation]
  5239 | D:5      | Found an ornate altar of the Wu Jian Council.
  5472 | D:6      | Gained mutation: You have sharp fingernails. [demonic
                  | ancestry]
  5472 | D:6      | Reached XP level 8. HP: 60/60 MP: 11/11
  5552 | D:6      | Found a transporter.
  5555 | D:6      | Noticed Fractals's ghost (weakling GnGl)
  5607 | D:6      | Identified the +4 great mace of Nolot {protect, Str+6 Int+5
                  | Dex-2}
  5607 | D:6      | Identified the +6 great mace "Rostux" {spect, Str+4 Int+3}
  5607 | D:6      | Noticed a two-headed ogre
  5644 | D:6      | Found a burning altar of Makhleb.
  5647 | D:6      | Noticed Maggie
  5669 | D:6      | Killed Maggie
  5744 | D:6      | Found a runed translucent door.
  5745 | D:6      | Noticed Crazy Yiuf
  5952 | D:6      | Reached skill level 1 in Invocations
  6019 | D:6      | Reached ***** piety under Okawaru
  6147 | D:6      | Gained mutation: Spells you cast and wands you use may
                  | paralyse nearby enemies. [demonic ancestry]
  6147 | D:6      | Reached XP level 9. HP: 46/66 MP: 14/14
  6326 | D:6      | Found a stormy altar of Qazlal.
  6376 | D:6      | Found a hazy altar of Hepliaklqana.
  6601 | D:6      | Killed Crazy Yiuf
  6679 | D:7      | Noticed Pikel
  6817 | D:7      | Killed Pikel
  6903 | D:7      | Reached skill level 5 in Spellcasting
  6903 | D:7      | Found a bloodstained altar of Trog.
  6918 | D:7      | Received a gift from Okawaru
  6929 | D:7      | Found a shimmering blue altar of Sif Muna.
  6996 | D:7      | Reached skill level 5 in Fighting
  7010 | D:7      | Noticed Dowan
  7012 | D:7      | Noticed Duvessa
  7045 | D:7      | Killed Duvessa
  7046 | D:7      | Reached skill level 5 in Short Blades
  7048 | D:7      | HP: 1/68 [Dowan/shard of ice (7)]
  7049 | D:7      | Slain by Dowan

Illustrated notes

Levels and vault maps discovered:
D:1:      sevenhm_arrival_forest_fort_large_4, layout_basic,
          hellmonk_ecumenical_altar_inner_sanctum, minmay_misc_feat_five
D:2:      cheibrodos_helix_gallery, layout_loops_ring, dk_vineyard_3
D:3:      layout_loops_cross, gup_sewer_entry_pipe
D:4:      layout_gridville, minmay_temple_entry_crystal_x, serial_shops,
          kennysheep_mini, minmay_pentangle, uniq_eustachio, uniq_natasha
D:5:      layout_basic, mainiacjoe_overflow_alcove_2,
          mainiacjoe_overflow_catwalk, grunt_decor_fettered,
          hangedman_abyss_or_decor_lesser_grid
D:6:      layout_basic, kennysheep_mini_moat, grunt_qazlal_sundering,
          lemuel_doored_altar, gammafunk_ghost_smash, minmay_increasing_density,
          uniq_maggie, uniq_crazy_yiuf_cottage
D:7:      layout_cave_pools, nzn_overflow_gifts_of_might_and_magic,
          lemuel_coloured_pillars_altar, serial_shops,
          nicolae_shop_hallway_stairs, hangedman_decor_slide_cut, uniq_pikel,
          uniq_duvessa, uniq_menkaure

Skill      XL: |  1  2  3  4  5  6  7  8  9 |
---------------+----------------------------+-----
Dodging        | 3 4 |  4.7
Ranged Weapons | 1 2 3 4 |  4.3
Spellcasting   | 1 2 3 4 5 |  5.1
Short Blades   | 1 2 3 5 |  5.0
Stealth        | 2 3 |  3.8
Transmutations | 1 2 |  2.3
Armour         | 1 2 4 |  4.9
Poison Magic   | 1 2 |  2.4
Fighting       | 4 5 |  5.0
Invocations    | 1 |  1.6
Long Blades    | |  0.4
Axes           | |  2.8
Necromancy     | |  0.9

Action                   |  1- 3 |  4- 6 |  7- 9 || total
-------------------------+-------+-------+-------++-------
Melee: Hand axe          |    45 |       |       ||    45
       Tailslap          |     2 |    16 |    26 ||    44
       Short sword       |    26 |       |       ||    26
       Rapier            |    17 |   136 |   215 ||   368
       Punch             |       |     1 |     3 ||     4
       Long sword        |       |       |    32 ||    32
 Fire: Sling             |    56 |    43 |    46 ||   145
       Shortbow          |       |       |    42 ||    42
 Cast: Sting             |     3 |    18 |    46 ||    67
       Necrotise         |       |       |     7 ||     7
Invok: Heroism           |       |     1 |     5 ||     6
       Finesse           |       |       |     2 ||     2
Evoke: Wand              |       |       |     1 ||     1
  Use: Scroll            |     9 |     4 |     7 ||    20
       Potion            |     5 |     5 |     2 ||    12
 Stab: Sleeping          |       |     2 |       ||     2
       Paralysed         |       |     4 |    19 ||    23
Armor: Robe              |    21 |    25 |       ||    46
       Skin              |       |    84 |       ||    84
       Troll leather arm |       |    39 |    33 ||    72
       Steam dragon scal |       |       |    73 ||    73
Dodge: Dodged            |    52 |   171 |   247 ||   470
